 Dungeon Crawl Stone Soup version 0.23-a0-299-g9a66eeb (webtiles) character file.

2544 mopl the Cleaver (level 9, -5/63 HPs)
             Began as a Demonspawn Fighter on Oct 6, 2018.
             Was a Follower of Makhleb.
             Slain by an 18-headed hydra (6 damage)
             ... on level 7 of the Dungeon.
             The game lasted 00:11:00 (5685 turns).

mopl the Cleaver (Demonspawn Fighter)               Turns: 5685, Time: 00:11:02

Health: -5/63      AC: 22    Str: 19    XL:     9   Next: 30%
Magic:  22/22      EV:  4    Int:  9    God:    Makhleb [*.....]
Gold:   72         SH: 12    Dex: 14    Spells: 8/8 levels left

rFire    . . .     SeeInvis .   a - +0 war axe
rCold    + . .     Gourm    .   c - +0 shield
rNeg     . . .     Faith    .   u - +0 chain mail
rPois    .         Spirit   .   (helmet restricted)
rElec    .         Reflect  +   J - +0 cloak
rCorr    +         Harm     .   F - +0 pair of gloves
MR       .....                  g - +0 pair of boots
Stlth    ..........             l - +3 amulet of reflection
HPRegen  0.20/turn              o - ring of resist corrosion
MPRegen  0.18/turn              x - ring of magical power

@: berserk cooldown, slowed, very slow
A: antennae 1, cold resistance 1, icemail, rot immunity, freezing cloud immunity
a: Renounce Religion


You were on level 7 of the Dungeon.
You worshipped Makhleb.
Makhleb was aware of your devotion.
You were not hungry.

You visited 2 branches of the dungeon, and saw 8 of its levels.

You collected 555 gold pieces.
You spent 483 gold pieces at shops.

Inventory:

Hand Weapons
 a - a +0 war axe (weapon)
 z - a +1 antimagic hand axe
 I - a +0 blowgun
Missiles
 k - 11 tomahawks (quivered)
 t - 48 poisoned needles
Armour
 c - a +0 shield (worn)
 g - a +0 pair of boots (worn)
 u - a +0 chain mail (worn)
 F - a +0 pair of gloves (worn)
 J - a +0 cloak (worn)
Magical Staves
 j - an uncursed staff of wizardry {!a}
Jewellery
 l - a +3 amulet of reflection (around neck)
 o - a ring of resist corrosion (left hand)
 v - an uncursed ring of ice
 x - a ring of magical power (right hand)
Wands
 w - a wand of paralysis (8)
Scrolls
 e - 2 scrolls of fog {unknown}
 h - a scroll of blinking {unknown}
 i - 4 scrolls of remove curse
 n - 3 scrolls of immolation {unknown}
 p - 2 scrolls of enchant armour {unknown}
 q - 6 scrolls of identify
 s - a scroll of amnesia {unknown}
 y - 2 scrolls of fear {unknown}
 A - 3 scrolls of teleportation
 G - a scroll of vulnerability
Potions
 b - a potion of mutation {!q}
 d - 4 potions of might
 m - 5 potions of heal wounds
 r - a potion of brilliance
 B - 3 potions of flight
 C - a potion of magic
 D - 3 potions of curing
 E - a potion of berserk rage {!q}
Comestibles
 f - 8 rations
 H - 5 chunks of flesh


   Skills:
 - Level 3.0 Fighting
 * Level 10.5 Axes
 + Level 1.8 Throwing
 - Level 2.6 Armour
 - Level 2.6 Shields
 + Level 6.4 Invocations


You had 8 spell levels left.
You didn't know any spells.
Your spell library contained the following spells:

 Spells                   Type           Power        Failure   Level  Hunger
 Magic Dart               Conj           #...         100%        1    ##.....
 Searing Ray              Conj           #.....       100%        2    ###....
 Dazzling Spray           Conj/Hex       #.....       100%        3    ####...
 Force Lance              Conj/Tloc      #.......     100%        4    #####..
 Fulminant Prism          Conj/Hex       #.........   100%        4    #####..
 Iskenderun's Mystic Bla  Conj           #.......     100%        4    #####..


Dungeon Overview and Level Annotations

Branches:
Dungeon (7/15)             Temple (1/1) D:4

Altars:
Dithmenos
Elyvilon
Fedhas
Gozag
Hepliaklqana
Kikubaaqudgha
Makhleb
Qazlal
Ru
Sif Muna
Trog
Wu Jian
Xom
Zin
The Shining One

Shops:
D:3 *   D:4 !   D:6 ?

Annotations:
D:5 3 runed doors, derval's ghost, amateur DsNe


Innate Abilities, Weirdness & Mutations

You have a pair of small antennae on your head.
Your flesh is cold resistant. (rC+)
A meltable icy envelope protects you from harm. (AC +10)
You are immune to rotting.
You are immune to freezing clouds.


Message History

Okay, then.
Unknown command.
Unknown command.
Evoke which item? (* to show all) (? for menu, Esc to quit)
Aiming: Paralyse
Press: ? - help, Shift-Dir - straight line, f/p - 18-headed hydra
Aim: an 18-headed hydra (severely wounded, chance to defeat MR: 15%)
The 18-headed hydra resists with almost no effort.
The 18-headed hydra bites you but does no damage.
You block the 18-headed hydra's attack. x2
The 18-headed hydra bites you but does no damage. x4
The 18-headed hydra barely misses you. The 18-headed hydra bites you!
* * * LOW HITPOINT WARNING * * *
The 18-headed hydra bites you.
* * * LOW HITPOINT WARNING * * *
The 18-headed hydra bites you!
* * * LOW HITPOINT WARNING * * *
The 18-headed hydra bites you but does no damage. x5
The 18-headed hydra barely misses you. The 18-headed hydra bites you.
You die...

.#.####.###### .$..
.............. ......
.#......###### .....
............# #(#..
........####.#
#.#.###........
#.#<........... ##
######.#...#........ #..
.........)@Ds.......
#..#########....#........
#...............# .....
........####...## ....
#.#....['.......# ... .
#.....####.##.# .. . #
#.....# #.. .# # .
#.##....## ### ## #######
#......รท.# #......


You could see a 18-headed hydra and a scorpion.

Vanquished Creatures
  Joseph (D:7)
  Menkaure (D:5)
  Duvessa (D:4)
  A phantom (D:4)
  A sky beast (D:6)
  2 eyes of draining (D:4)
  A black bear (D:7)
  3 ogres
  A big kobold (D:7)
  4 bullfrogs
  Dowan (D:4)
  A scorpion (D:2)
  A howler monkey (D:6)
  4 crimson imps
  2 jellies
  2 hounds
  3 orc priests
  A bullfrog skeleton (D:6)
  4 orc wizards
  3 worker ants
  A hound zombie (D:7)
  A hound skeleton (D:4)
  A worker ant zombie (D:6)
  5 gnolls
  8 adders
  An ooze (D:1)
  3 worms
  A dart slug (D:1)
  3 leopard geckos
  22 orcs
  4 ball pythons
  3 giant cockroaches
  7 goblins
  8 hobgoblins
  4 jackals (D:2)
  4 quokkas
  10 bats
  5 frilled lizards
  A jackal skeleton (D:7)
  A jackal zombie (D:6)
  11 kobolds
  A quokka skeleton (D:4)
  3 rats
146 creatures vanquished.

Vanquished Creatures (others)
  An orc (D:3)
  A kobold (D:7)
2 creatures vanquished.

Grand Total: 148 creatures vanquished

Notes
Turn   | Place    | Note
-------+----------+-------------------------------------------
     0 | D:1      | mopl the Demonspawn Fighter began the quest for the Orb.
     0 | D:1      | Reached XP level 1. HP: 18/18 MP: 1/1
    62 | D:1      | Reached skill level 2 in Axes
   174 | D:1      | Gained mutation: Your flesh is cold resistant. (rC+)
                  | [demonic ancestry]
   174 | D:1      | Reached XP level 2. HP: 22/24 MP: 2/2
   389 | D:1      | Reached skill level 3 in Axes
   646 | D:1      | Gained mutation: You are immune to freezing clouds.
                  | [demonic ancestry]
   646 | D:1      | Reached XP level 3. HP: 29/29 MP: 3/3
   727 | D:2      | Reached skill level 4 in Axes
   727 | D:2      | Gained mutation: You have a pair of small antennae on your
                  | head. [demonic ancestry]
   727 | D:2      | Reached XP level 4. HP: 14/35 MP: 4/4
  1105 | D:2      | Found a faded altar of an unknown god.
  1128 | D:2      | Reached XP level 5. HP: 5/41 MP: 5/5
  1139 | D:2      | HP: 2/41 [poisoned by a scorpion]
  1147 | D:2      | HP: 1/41 [poisoned by a scorpion]
  1795 | D:3      | Reached skill level 5 in Axes
  2447 | D:3      | Found an opulent altar of Gozag.
  2448 | D:3      | Found Gozag's Platinum Reserve.
  2551 | D:3      | Gained mutation: You are immune to rotting. [demonic
                  | ancestry]
  2551 | D:3      | Reached XP level 6. HP: 30/47 MP: 6/6
  2898 | D:4      | Reached skill level 6 in Axes
  3247 | D:4      | Noticed Duvessa
  3248 | D:4      | Noticed Dowan
  3261 | D:4      | Killed Duvessa
  3274 | D:4      | Killed Dowan
  3274 | D:4      | Reached skill level 7 in Axes
  3274 | D:4      | Gained mutation: A meltable icy envelope protects you from
                  | harm. (AC +10) [demonic ancestry]
  3274 | D:4      | Reached XP level 7. HP: 48/52 MP: 7/7
  3336 | D:4      | Found a bloodstained altar of Trog.
  3364 | D:4      | Reached skill level 8 in Axes
  3406 | D:4      | Found a staircase to the Ecumenical Temple.
  3498 | Temple   | Entered the Ecumenical Temple
  3524 | Temple   | Became a worshipper of Makhleb the Destroyer
  3742 | D:4      | Found Rurut's Distillery.
  3752 | D:4      | Bought a potion of curing for 42 gold pieces
  3752 | D:4      | Bought a potion of heal wounds for 70 gold pieces
  3752 | D:4      | Bought 2 potions of berserk rage for 140 gold pieces
  3752 | D:4      | Bought a potion of might for 56 gold pieces
  3795 | D:5      | Entered Level 5 of the Dungeon
  3821 | D:5      | Reached skill level 1 in Invocations
  3824 | D:5      | Noticed Menkaure
  3846 | D:5      | Killed Menkaure
  3846 | D:5      | Reached skill level 2 in Invocations
  3846 | D:5      | Reached XP level 8. HP: 19/58 MP: 9/9
  4050 | D:5      | Found a runed gate.
  4051 | D:5      | Found an opulent altar of Gozag.
  4052 | D:5      | Found a runed gate.
  4052 | D:5      | Found a runed gate.
  4052 | D:5      | Noticed derval's ghost (amateur DsNe)
  4052 | D:5      | Noticed a two-headed ogre
  4255 | D:5      | Reached skill level 9 in Axes
  4255 | D:5      | Reached skill level 3 in Invocations
  4587 | D:6      | Reached skill level 4 in Invocations
  4658 | D:6      | Reached * piety under Makhleb
  4739 | D:6      | Found Usifrahu's Magic Scroll Boutique.
  4751 | D:6      | Bought a scroll of teleportation for 39 gold pieces
  4751 | D:6      | Bought a scroll of noise for 13 gold pieces
  4751 | D:6      | Bought a scroll of vulnerability for 97 gold pieces
  4751 | D:6      | Bought a scroll of identify for 26 gold pieces
  4944 | D:6      | Reached skill level 5 in Invocations
  5242 | D:7      | Noticed a six-headed hydra
  5285 | D:7      | Reached skill level 10 in Axes
  5408 | D:7      | Reached XP level 9. HP: 48/63 MP: 13/13
  5643 | D:7      | Reached skill level 1 in Throwing
  5643 | D:7      | Reached skill level 6 in Invocations
  5657 | D:7      | Noticed Joseph
  5677 | D:7      | Killed Joseph
  5685 | D:7      | HP: 1/63 [18-headed hydra (9)]
  5685 | D:7      | Slain by an 18-headed hydra

Vault maps used:
D:1:      onia_arrival_pyramid
D:2:      chequers_ecumenical_altar_simple_redux
D:3:      nicolae_gozag_zags_fifth_avenue
D:4:      minmay_temple_entry_junction, serial_shops, nicolae_shop_crystal,
          trog_eyes_of_draining, uniq_duvessa
D:5:      first_ration, ebering_ghost_gozag, uniq_menkaure
D:6:      serial_shops, shop
D:7:      uniq_joseph
Temple:   nicolae_temple_the_god_donut

Skill      XL: |  1  2  3  4  5  6  7  8  9 |
---------------+----------------------------+-----
Axes           | 2 3 4 5 7 8 10 | 10.5
Invocations    | 2 5 6 |  6.4
Throwing       | 1 |  1.8
Fighting       | |  3.0
Armour         | |  2.6
Shields        | |  2.6

Action                   |  1- 3 |  4- 6 |  7- 9 || total
-------------------------+-------+-------+-------++-------
Melee: War axe           |    84 |   188 |   329 ||   601
Evoke: Wand              |       |     2 |     3 ||     5
  Use: Scroll            |       |     3 |     3 ||     6
       Potion            |       |       |     1 ||     1
 Stab: Paralysed         |       |     5 |    13 ||    18
  Eat: Chunk             |       |     8 |     8 ||    16
Armor: Scale mail        |    48 |    60 |       ||   108
       Chain mail        |       |    17 |   186 ||   203
Dodge: Dodged            |    27 |    40 |    42 ||   109
Block: Shield            |    48 |   140 |   177 ||   365
       Reflection        |       |     7 |     5 ||    12

Table legend:
 A = Non-vault XP
 B = Vault XP
 C = Vault XP percentage of total XP
 D = Non-vault monster count
 E = Vault monster count
 F = Vault count percentage of total count
                 A         B        C        D         E       F
            +---------+---------+-------+---------+---------+-------
      Total |    2517 |    1118 |  30.8 |     139 |       8 |   5.4
            +---------+---------+-------+---------+---------+-------
        D:1 |      56 |       0 |   0.0 |      21 |       0 |   0.0
        D:2 |     143 |       0 |   0.0 |      20 |       0 |   0.0
        D:3 |     190 |       0 |   0.0 |      29 |       0 |   0.0
        D:4 |     346 |     496 |  58.9 |      21 |       6 |  22.2
        D:5 |     348 |     172 |  33.1 |      13 |       1 |   7.1
        D:6 |     722 |       0 |   0.0 |      18 |       0 |   0.0
        D:7 |     712 |     450 |  38.7 |      17 |       1 |   5.6
            +---------+---------+-------+---------+---------+-------
